 Dungeon Crawl Stone Soup version 0.18-a0-1311-g779ca93 (webtiles) character file.

34822 RandomBG the Brawler (level 13, -4/116 HPs)
             Began as a Ghoul Gladiator on Feb 14, 2016.
             Was the Champion of Makhleb.
             Killed themself with a badly aimed orb of electricity (31 damage)
             ... on level 4 of the Lair of Beasts.
             The game lasted 00:41:37 (18723 turns).

RandomBG the Brawler (Ghoul Gladiator)             Turns: 18723, Time: 00:41:37

Health: -4/116     AC: 16    Str: 20    XL:     13   Next: 79%
Magic:  19/19      EV:  9    Int:  3    God:    Makhleb [******]
Gold:   1381       SH: 18    Dex: 13    Spells: 0 memorised, 12 levels left

rFire  . . .     SeeInvis .       - Unarmed
rCold  + . .     Gourm    .     v - +0 plate armour
rNeg   + + +     Faith    .     S - +2 shield
rPois  ∞         Spirit   .     h - +1 helmet
rElec  .         Dismiss  .     (no cloak)
rCorr  .         Reflect  +     (no gloves)
SustAt .         Harm     .     f - +0 pair of boots
MR     .....                    e - +5 amulet of reflection
Stlth  ..........               (no ring)
                                Z - +3 ring of evasion

@: rotting, not resistant to hostile enchantments, extremely unstealthy
A: rotting body, claws 1, carnivore 3, cold resistance 1, negative energy
resistance 3, slow regeneration 1, torment resistance, unbreathing
a: Minor Destruction, Lesser Servant of Makhleb, Major Destruction, Greater
Servant of Makhleb, Renounce Religion


You were on level 4 of the Lair of Beasts.
You worshipped Makhleb.
Makhleb was exalted by your worship.
You were hungry.

You visited 3 branches of the dungeon, and saw 18 of its levels.
You also visited: Bailey.

You collected 1381 gold pieces.

Inventory:

Hand Weapons
 b - a +0 halberd
 F - a +0 blowgun
Missiles
 i - 14 tomahawks
 u - 14 curare-tipped needles
 E - 40 poisoned needles
 L - 2 throwing nets (quivered)
Armour
 f - a +0 pair of boots (worn)
 h - a +1 helmet (worn)
 m - a +1 pair of gloves
 v - a +0 plate armour (worn)
 S - a +2 shield (worn)
Jewellery
 e - a +5 amulet of reflection (around neck)
 R - the amulet of Muun {Dismiss rF+ Str+4}
   (You found it on level 2 of the Lair of Beasts)

   [amulet of dismissal]

   It may teleport away creatures that harm you.
   It affects your strength (+4).
   It protects you from fire.
 Z - a +3 ring of evasion (left claw)
Wands
 z - a wand of paralysis (7/24)
 C - a wand of polymorph (16/24)
 G - a wand of lightning (4/15)
 H - a wand of disintegration (10/24)
 O - a wand of lightning (8/15)
 Q - a wand of slowing (36/48)
 V - a wand of lightning (4/15)
 Y - a wand of confusion (22/48)
Scrolls
 c - 3 scrolls of fog {unknown}
 g - 13 scrolls of remove curse
 j - 3 scrolls of enchant weapon
 k - 2 scrolls of immolation
 l - 10 scrolls of identify
 o - 3 scrolls of enchant armour {unknown}
 p - 2 scrolls of magic mapping {unknown}
 q - 3 scrolls of fear {unknown}
 r - 2 scrolls of recharging
 x - a scroll of teleportation
 y - 3 scrolls of random uselessness {unknown}
 I - a scroll of blinking {unknown}
 W - a scroll of brand weapon {unknown}
Potions
 s - 7 potions of curing
 t - 4 potions of resistance {unknown}
 A - a potion of brilliance
 K - 2 potions of mutation {unknown}
 M - 2 potions of invisibility {unknown}
 N - a potion of might {unknown}
 P - a potion of haste {unknown}
Books
 B - a book of Fire

   Spells                             Type                      Level
   a - Ignite Poison                  Fire/Transmutation/Poison    3
   b - Fireball                       Conjuration/Fire             5
   c - Bolt of Fire                   Conjuration/Fire             6
   d - Delayed Fireball               Conjuration/Fire             7
   e - Ring of Flames                 Charms/Fire                  7
 D - a Grand Grimoire

   Spells                             Type                      Level
   a - Monstrous Menagerie            Summoning                    7
   b - Summon Greater Demon           Summoning                    7
   c - Malign Gateway                 Summoning/Translocation      7
   d - Summon Horrible Things         Summoning                    8
 U - a book of the Warp

   Spells                             Type                      Level
   a - Recall                         Summoning/Translocation      3
   b - Gell's Gravitas                Hexes/Translocation          3
   c - Force Lance                    Conjuration/Translocation    4
   d - Warp Weapon                    Charms/Translocation         5
   e - Summon Forest                  Summoning/Translocation      5
Miscellaneous
 X - a phial of floods
Comestibles
 a - 3 slices of pizza
 d - 7 meat rations
 n - 8 beef jerkies
 w - 13 chunks of flesh
 J - 13 royal jellies


   Skills:
 + Level 11.0 Fighting
 - Level 2.2 Throwing
 - Level 6.1 Armour
 - Level 4.5 Dodging
 - Level 2.2 Stealth
 * Level 8.8 Shields
 + Level 15.1 Unarmed Combat
 + Level 10.2 Invocations


You had 12 spell levels left.
You didn't know any spells.

Dungeon Overview and Level Annotations

Branches:
Dungeon (13/15)            Temple (1/1) D:5            Lair (4/8) D:10
    Orc (0/2) D:9
  Swamp: Lair:3-6    Shoals: Lair:3-6     Snake: Lair:3-6    Spider: Lair:3-6
 Vaults: D:13-14

Altars:
Ashenzari
Cheibriados
Dithmenos
Elyvilon
Fedhas
Gozag
Kikubaaqudgha
Makhleb
Nemelex Xobeh
Okawaru
Pakellas
Sif Muna
Trog
Vehumet
Xom
Yredelemnul
Zin
The Shining One

Shops:
D:5 *   D:8 *   D:10 *

Portals:
Trove: D:11 (give 2 scrolls of acquirement)

Annotations:
Lair:4 Rupert


Innate Abilities, Weirdness & Mutations

Your body is rotting away.
You thrive on raw meat.
You are immune to poison.
You have sharp fingernails.
You are carnivorous and can eat meat at any time.
Your flesh is cold resistant.
You are immune to negative energy.
You regenerate slowly when monsters are visible.
You are immune to unholy pain and torment.
You can survive without breathing.


Message History

There isn't anything here!
Okay, then.
There isn't anything here!
Unknown command.
Press: ? - help, Shift-Dir - straight line, f - death yak
Aim: a death yak (heavily wounded, lightly drained)
The bolt of negative energy hits the death yak.
The death yak is drained!
The death yak is severely wounded.
You are feeling hungry.
The death yak gores you!
* * * LOW HITPOINT WARNING * * *
Unknown command.
Press: ? - help, Shift-Dir - straight line, f/p - death yak
Aim: a death yak (severely wounded, lightly drained)
The orb of electricity explodes!
The orb of electricity engulfs the death yak.
The death yak is almost dead.
The orb of electricity engulfs you!
You die...

## #. ##. . #.. ###
....#..######.##
#.....†Y##.##..#
##.....#@......#
#.....#.......#
#...####......# .####...
.#P...(..######## ..#....
.................###
.#......
...#......#.#.P.....#
........
...#.....###.......##
....... .#
#....%P#......###
...#..#####.........P####


You could see a death yak.

Vanquished Creatures
  2 hydras
  A centaur warrior (D:13)
  A death yak (Lair:4)
  Sonja (D:10)
  6 hill giants
  A manticore (D:13)
  A griffon (Lair:2)
  6 ugly things
  2 cyclopes (D:11)
  A black mamba (Lair:1)
  3 elephants (Lair:4)
  4 gargoyles
  3 spiny frogs
  4 komodo dragons
  A fire drake (D:10)
  A queen bee (Lair:1)
  3 trolls
  Prince Ribbit (D:5)
  A boulder beetle (D:11)
  Sigmund (D:2)
  31 yaks
  2 wraiths (D:11)
  5 wyverns
  A steam dragon (D:12)
  4 hippogriffs
  A hungry ghost (D:10)
  2 soldier ants
  Menkaure (D:4)
  A mottled dragon (D:11)
  A naga (Lair:4)
  3 porcupines
  11 water moccasins
  6 orc warriors
  4 sky beasts
  3 ice beasts
  3 phantoms
  A black bear (D:12)
  An eye of draining (D:12)
  A necrophage (D:9)
  4 ogres
  6 crocodiles
  5 centaurs
  13 giant frogs
  5 big kobolds
  A water moccasin skeleton (D:8)
  5 scorpions
  24 killer bees
  A vampire bat (D:6)
  11 wights
  2 electric eels (Lair:2)
  4 crimson imps
  2 centaur zombies
  2 giant frog zombies
  4 giant frog skeletons
  A jelly (D:8)
  6 orc priests
  A water moccasin simulacrum (D:11)
  4 centaur skeletons
  4 hounds
  7 iguanas
  13 orc wizards
  8 worker ants
  Natasha (thrice) (D:2)
  Terence (D:2)
  4 sheep (D:11)
  A hound skeleton (D:8)
  A worker ant zombie (D:11)
  6 gnolls (D:2)
  38 river rats
  10 adders
  3 shadow imps
  An adder skeleton (D:8)
  A worm (D:3)
  2 giant geckos
  40 orcs
  15 bats
  4 giant cockroaches
  11 hobgoblins
  15 jackals
  3 quokkas
  4 giant newts
  7 goblins
  A jackal zombie (D:8)
  27 kobolds
  A quokka skeleton (D:4)
  3 rats (D:1)
461 creatures vanquished.

Vanquished Creatures (collateral kills)
  A hydra (Lair:1)
  3 salamanders (D:13)
  An orc wizard (D:13)
  3 orcs (D:13)
8 creatures vanquished.

Vanquished Creatures (others)
  2 orc warriors (Bailey)
  4 centaurs (D:11)
  10 orcs
  5 fungi
  7 plants
28 creatures vanquished.

Grand Total: 497 creatures vanquished

Notes
Turn   | Place    | Note
--------------------------------------------------------------
     0 | D:1      | RandomBG the Ghoul Gladiator began the quest for the Orb.
     0 | D:1      | Reached XP level 1. HP: 17/17 MP: 0/0
   315 | D:1      | Reached XP level 2. HP: 12/24 MP: 1/1
  1034 | D:2      | Noticed Sigmund
  1262 | D:2      | Reached XP level 3. HP: 27/30 MP: 2/2
  1383 | D:2      | Reached skill level 4 in Unarmed Combat
  1790 | D:2      | Killed Sigmund
  1790 | D:2      | Reached skill level 5 in Unarmed Combat
  1790 | D:2      | Reached XP level 4. HP: 24/40 MP: 3/3
  1790 | D:2      | Reached XP level 5. HP: 27/46 MP: 4/4
  2052 | D:2      | Reached XP level 6. HP: 46/51 MP: 5/5
  2081 | D:2      | Noticed Natasha
  2089 | D:2      | Killed Natasha
  2089 | D:2      | Reached skill level 6 in Unarmed Combat
  2213 | D:2      | Noticed Natasha
  2225 | D:2      | Killed Natasha
  2234 | D:2      | Noticed Terence
  2254 | D:2      | Killed Terence
  2364 | D:2      | Noticed Natasha
  2388 | D:2      | Killed Natasha
  3710 | D:4      | Found an oddly glowing altar of Pakellas.
  3714 | D:4      | Noticed a phantom
  3743 | D:4      | Killed a phantom
  3743 | D:4      | Reached skill level 7 in Unarmed Combat
  3743 | D:4      | Reached XP level 7. HP: 50/60 MP: 6/6
  4027 | D:4      | Noticed Menkaure
  4039 | D:4      | Killed Menkaure
  4039 | D:4      | Reached skill level 5 in Fighting
  4039 | D:4      | Reached skill level 1 in Armour
  4598 | D:4      | Found a deep blue altar of Sif Muna.
  4621 | D:5      | Entered Level 5 of the Dungeon
  4640 | D:4      | Reached skill level 8 in Unarmed Combat
  4648 | D:4      | Reached XP level 8. HP: 62/68 MP: 7/7
  5014 | D:5      | Found a staircase to the Ecumenical Temple.
  5021 | Temple   | Entered the Ecumenical Temple
  5068 | Temple   | Became a worshipper of Makhleb the Destroyer
  5110 | D:5      | Found a glowing silver altar of Zin.
  5113 | D:5      | Found Zin's Purification Station.
  5237 | D:6      | Noticed Prince Ribbit
  5369 | D:5      | Killed Prince Ribbit
  5369 | D:5      | Reached skill level 9 in Unarmed Combat
  5369 | D:5      | Reached skill level 1 in Invocations
  5502 | D:6      | Found an ancient bone altar of Kikubaaqudgha.
  5534 | D:6      | Found a sparkling altar of Nemelex Xobeh.
  6006 | D:7      | Reached * piety under Makhleb
  6183 | D:7      | Reached XP level 9. HP: 39/78 MP: 10/10
  6801 | D:8      | Found a flagged portal.
  6833 | D:8      | Found Oxuas's Assorted Antiques.
  6867 | Bailey   | Entered a bailey
  7135 | Bailey   | Reached skill level 10 in Unarmed Combat
  7205 | Bailey   | Reached skill level 1 in Shields
  7556 | D:8      | Found an opulent altar of Gozag.
  7722 | D:8      | Reached ** piety under Makhleb
  7924 | D:8      | Noticed a troll
  7936 | D:8      | Killed a troll
  7943 | D:8      | Found a glowing golden altar of the Shining One.
  8233 | D:9      | Found a staircase to the Orcish Mines.
  8415 | D:9      | Reached XP level 10. HP: 79/86 MP: 12/12
  8781 | D:9      | Reached skill level 5 in Invocations
  8834 | D:9      | Reached *** piety under Makhleb
  8848 | D:9      | Reached skill level 11 in Unarmed Combat
  8960 | D:9      | Found an iron altar of Okawaru.
  9351 | D:10     | Entered Level 10 of the Dungeon
  9366 | D:10     | Noticed a hill giant
  9388 | D:10     | Noticed Sonja
  9390 | D:10     | Noticed a hill giant
  9426 | D:10     | Killed Sonja
  9453 | D:10     | Killed a hill giant
  9511 | D:10     | Found a staircase to the Lair.
  9525 | D:10     | Reached skill level 5 in Armour
  9585 | D:10     | Found Dulak's Demolitions Depot.
  9751 | D:10     | Killed a hill giant
  9996 | D:10     | Reached XP level 11. HP: 85/94 MP: 14/14
 10045 | Lair:1   | Entered Level 1 of the Lair of Beasts
 10060 | Lair:1   | Reached skill level 12 in Unarmed Combat
 10095 | Lair:1   | Reached **** piety under Makhleb
 10664 | Lair:1   | Reached ***** piety under Makhleb
 11241 | Lair:2   | Reached skill level 5 in Shields
 11545 | Lair:2   | Noticed a griffon
 11557 | Lair:2   | Killed a griffon
 11824 | Lair:2   | Got a sparkling tin amulet
 11825 | Lair:2   | Identified the amulet of Muun {Dismiss rF+ Str+4} (You found it on level 2 of the Lair of Beasts)
 12193 | Lair:2   | Reached skill level 13 in Unarmed Combat
 12273 | Lair:2   | Reached XP level 12. HP: 104/104 MP: 16/16
 12753 | Lair:3   | Noticed an eight-headed hydra
 12775 | Lair:3   | Killed an eight-headed hydra
 13215 | Lair:4   | Noticed Rupert
 13924 | D:11     | Found a portal to a secret trove of treasure.
 14271 | D:11     | Reached ****** piety under Makhleb
 14390 | D:11     | Reached skill level 14 in Unarmed Combat
 14532 | D:11     | Reached skill level 1 in Stealth
 14597 | D:11     | Reached skill level 10 in Fighting
 15033 | D:11     | Reached XP level 13. HP: 76/111 MP: 18/18
 17564 | D:13     | Reached skill level 15 in Unarmed Combat
 17621 | D:13     | Noticed a salamander stormcaller
 17632 | D:13     | Reached skill level 10 in Invocations
 17699 | D:13     | HP: 5/113 [something] (9)]
 18723 | Lair:4   | Killed themself with a badly aimed orb of electricity

Vault maps used:
D:1:      eino_arrival_tree_alley, minmay_cupped
D:2:      first_bread, uniq_sigmund, uniq_terence, uniq_natasha
D:4:      grunt_pakellas_basics, led_sif_pool, uniq_menkaure
D:5:      zin_purify, nicolae_qazlal_eye_of_the_storm, temple_statues,
          grunt_ministairs_2
D:6:      nemelex_xobeh_ov_fountains_minmay, kennysheep_mini_moat,
          roderic_batcave, uniq_prince_ribbit1
D:7:      minmay_misc_feat_roman
D:8:      overflow_temple_1_default, kennysheep_little_box, enter_bailey_2,
          serial_shops, shop, grunt_ogre_cave, hangedman_decor_peaks_small
D:9:      okawaru_metal_pillars_1_2, orc_david_3
D:10:     minmay_lair_entry_lava, nicolae_blasting_shop, uniq_sonja
D:11:     boulder_corridor_run, nicolae_trove_entry_free_sample,
          hangedman_weighted_door
D:13:     hangedman_decor_push, uniq_snorg
Temple:   circular_temple_12
Lair:1:   special_room, grunt_megastairs_1
Lair:2:   eino_small_chamber_without_monster, serial_bayou_lagoon_b,
          grunt_megastairs_5
Lair:3:   beast_lair_carwin_10, serial_bayou_shore_a
Lair:4:   minmay_snake_entry_guardpost_medium, st_stairs_9, beast_lair_carwin_3,
          uniq_rupert
Bailey:   bailey_polearm_2, bailey

Action                   |  1- 3 |  4- 6 |  7- 9 | 10-12 | 13-15 || total
-------------------------+-------+-------+-------+-------+-------++-------
Melee: Unarmed           |   133 |   187 |   486 |  1051 |   335 ||  2192
 Fire: Blowgun           |       |       |       |    39 |    18 ||    57
Throw: Throwing net      |     1 |       |     5 |     7 |       ||    13
Invok: Lesser Servant of |       |       |       |     4 |     6 ||    10
       Major Destruction |       |       |       |     1 |     2 ||     3
Evoke: Wand              |       |       |    13 |    12 |       ||    25
       Phial of floods   |       |       |       |       |     1 ||     1
  Use: Potion            |     3 |       |     4 |     2 |     1 ||    10
       Scroll            |       |       |    12 |     4 |       ||    16
 Stab: Paralysed         |       |       |     5 |       |       ||     5
       Distracted        |       |       |       |     1 |     1 ||     2
  Eat: Chunk             |     3 |     8 |    19 |    19 |    13 ||    62
